[Event "Prague Open 2025"]
[Site "Prague"]
[Date "2025.01.13"]
[Round "5.6"]
[White "Radzimski, Antoni"]
[Black "Salgovic, Simon"]
[Result "1-0"]
[Annotator "NA RC"]
[ECO "E47"]
[WhiteElo "2289"]
[BlackElo "2102"]
[PlyCount "37"]
[EventDate "2025.01.07"]
[EventType "swiss"]
[EventCountry "CZE"]
[SourceTitle "playchess.com"]
[Source "ChessBase"]
[SourceQuality "1"]
[TimeControl "40/5400+30:1800+30"]

1. d4 Nf6 2. c4 e6 3. Nc3 Bb4 4. e3 O-O 5. Bd3 d6 6. Nge2 e5 7. O-O Bxc3 8. Nxc3 Nc6 9. dxe5 dxe5 10. a3 Qe7 11. Qc2 Be6 12. b4 Rfd8 13. Bb2 a5 14. b5 Nb8 15. Ne4 Nbd7 16. Nxf6+ Qxf6 17. Bxh7+ Kh8 18. Be4 Rab8 19. f4 1-0

[Event "Prague Open 2025"]
[Site "Prague"]
[Date "2025.01.13"]
[Round "5.7"]
[White "Mensing, Adrian"]
[Black "Sokhor, Nazar"]
[Result "0-1"]
[Annotator "ChessBase"]
[ECO "D00"]
[WhiteElo "2028"]
[BlackElo "2265"]
[PlyCount "122"]
[EventDate "2025.01.07"]
[EventType "swiss"]
[EventCountry "CZE"]
[SourceTitle "playchess.com"]
[Source "ChessBase"]
[SourceQuality "1"]
[TimeControl "40/5400+30:1800+30"]

1. d4 d5 2. Nc3 Nf6 3. Bf4 c5 4. e3 a6 5. Nf3 cxd4 6. exd4 Nc6 7. Ne5 Qb6 8. Na4 Qa5+ 9. c3 e6 10. Nxc6 bxc6 11. Bd3 Nd7 12. O-O Qd8 13. Re1 c5 14. Qf3 Bb7 15. Nxc5 Nxc5 16. dxc5 Bxc5 17. Qg3 O-O 18. Re5 Qd7 19. Rae1 Rfe8 20. Bxh7+ Kxh7 21. Rh5+ Kg8 22. Be5 f6 23. Bxf6 Rf8 24. Rh6 Rf7 25. Bd4 Bxd4 26. cxd4 Raf8 27. Qg6 Rxf2 28. Qh7+ Kf7 29. Rg6 Ke8 30. Rgxe6+ Kd8 31. Qh4+ R2f6 32. h3 Bc8 33. Rb6 Qc7 34. Rb3 Qf4 35. Qxf4 Rxf4 36. Rg3 R8f7 37. Rd3 Re4 38. Rc1 Re2 39. Rc6 Rxb2 40. a3 Rbb7 41. g4 Rbc7 42. Rd6+ Rfd7 43. Rg6 Rc2 44. Rf3 Re7 45. Rf2 Rxf2 46. Kxf2 Ke8 47. Kf3 Kf7 48. Rd6 Re6 49. Rd8 Bb7 50. h4 Bc6 51. h5 Kf6 52. Kf4 Re4+ 53. Kf3 Kg5 54. Rd6 Rf4+ 55. Ke3 Rf6 56. Rd8 Kxg4 57. Rg8 Rf3+ 58. Kd2 Kxh5 59. Rxg7 Rxa3 60. Kc2 Ba4+ 61. Kd2 Bb5 0-1

[Event "Prague Open 2025"]
[Site "Prague"]
[Date "2025.01.13"]
[Round "5.8"]
[White "Felix, Raphael"]
[Black "Vardanyan, Aras"]
[Result "0-1"]
[Annotator "TA"]
[ECO "B57"]
[WhiteElo "2127"]
[BlackElo "2312"]
[PlyCount "104"]
[EventDate "2025.01.07"]
[EventType "swiss"]
[EventCountry "CZE"]
[SourceTitle "playchess.com"]
[Source "ChessBase"]
[SourceQuality "1"]
[TimeControl "40/5400+30:1800+30"]

1. e4 c5 2. Nf3 d6 3. d4 cxd4 4. Nxd4 Nf6 5. Nc3 Nc6 6. Bc4 Bd7 7. Be3 Rc8 8. Nxc6 Bxc6 9. Bd3 (9. Bxa7 Nxe4 10. Nxe4 Qa5+ 11. Qd2 Qxa7 $15) 9... a6 10. Qe2 g6 11. Rd1 Qa5 12. O-O Bg7 13. a3 O-O 14. Qd2 Rfe8 15. Nb1 (15. Bd4 $11) 15... Qxd2 16. Nxd2 Ng4 17. c3 Nxe3 18. fxe3 b5 19. Nf3 Rb8 20. Nd4 Ba8 21. Kf2 Rec8 22. Rd2 Rc5 23. Ke2 Bh6 24. Bb1 a5 25. Nb3 Rg5 {[%emt 0:02:05] Threatens to win with ...b4.} 26. g3 b4 27. cxb4 axb4 28. a4 Rh5 $36 {[%emt 0:05:04][%mdl 2048] Black has strong initiative.} 29. h4 Bc6 30. a5 Re5 31. Rd4 Ba4 {[%emt 0:01:01] This pair of bishops is nice.} 32. Bc2 Rc8 {[%emt 0:01:41] Black is more active.} 33. Rd2 {[%emt 0:01:29] [#]} (33. Kd2 $17 Bxe3+ (33... Rxa5 34. Rxb4 Ra7 35. Nd4 $17) 34. Kxe3 Rxc2 35. Ra1 Bxb3 36. a6) 33... Rxc2 $1 $19 34. Rxc2 {[%emt 0:00:02] Rc8+ would now be deadly.} Bxb3 35. Rc8+ Kg7 36. g4 $2 (36. Ra1) 36... Be6 ({Not} 36... Rxe4 37. g5 Bc4+ 38. Rxc4 Rxc4 39. gxh6+ Kxh6 40. a6 $11) 37. Ra8 Bc4+ 38. Kf2 Bxf1 39. g5 {[%emt 0:00:20] [#]} Bxg5 $1 40. Kxf1 (40. hxg5 Bd3) 40... Bxe3 {[%emt 0:00:11][%mdl 4096] Endgame KRB-KR} 41. a6 Ra5 42. Rb8 Rxa6 43. Rxb4 Rb6 44. Ra4 Rxb2 45. Ra3 Bc5 46. Ra4 Kf6 47. h5 h6 48. hxg6 fxg6 49. Rc4 g5 50. Ra4 g4 51. e5+ Kf5 52. exd6 g3 0-1

[Event "Prague Open 2025"]
[Site "Prague"]
[Date "2025.01.13"]
[Round "5.9"]
[White "Shapovalovi, Vasiko"]
[Black "Lalic, Bogdan"]
[Result "1/2-1/2"]
[Annotator "ChessBase"]
[ECO "A37"]
[WhiteElo "2078"]
[BlackElo "2321"]
[PlyCount "28"]
[EventDate "2025.01.07"]
[EventType "swiss"]
[EventCountry "CZE"]
[SourceTitle "playchess.com"]
[Source "ChessBase"]
[SourceQuality "1"]
[TimeControl "40/5400+30:1800+30"]

1. Nf3 c5 2. c4 Nc6 3. g3 g6 4. Bg2 Bg7 5. Nc3 d6 6. O-O e6 7. a3 Nge7 8. Rb1 a5 9. d3 O-O 10. Bd2 d5 11. Qc1 dxc4 12. dxc4 Nf5 13. Rd1 Qe7 14. Bg5 f6 1/2-1/2

[Event "Prague Open 2025"]
[Site "Prague"]
[Date "2025.01.13"]
[Round "5.10"]
[White "Golis, Wiktor"]
[Black "Filindash, Nikita"]
[Result "1/2-1/2"]
[Annotator "TA"]
[ECO "C43"]
[WhiteElo "2314"]
[BlackElo "2072"]
[PlyCount "79"]
[EventDate "2025.01.07"]
[EventType "swiss"]
[EventCountry "CZE"]
[SourceTitle "playchess.com"]
[Source "ChessBase"]
[SourceQuality "1"]
[TimeControl "40/5400+30:1800+30"]

1. e4 e5 2. Nf3 Nf6 3. d4 Nxe4 4. Bd3 d5 5. Nxe5 Nd7 6. Nxd7 Bxd7 7. O-O Bd6 8. Qh5 Qf6 9. Nc3 Qxd4 10. Be3 Qe5 11. Qxe5+ Bxe5 12. Nxd5 Nf6 {[%emt 0:01:12][%cal Be4f6,Bf6d5,Bd5b6][%mdl 32] [#]} 13. Rae1 $1 Be6 (13... Nxd5 $5 14. Bd4 O-O (14... f6 15. Bxe5 O-O-O 16. Bg3 $14) 15. Bxe5 (15. Rxe5 Nf4 $14) 15... Nb4 $14) 14. Nf4 Bxf4 $1 15. Bxf4 Nd5 16. Be5 {[%emt 0:02:30] A strong pair of Bishops.} O-O 17. a3 {[%emt 0:00:23] Against Nb4} f6 18. Bg3 Bf7 19. c4 Nb6 20. b3 Rad8 21. Bb1 c6 22. f3 Bg6 23. Bxg6 hxg6 24. Rd1 Kf7 25. Bc7 Rxd1 26. Rxd1 $11 {[%emt 0:00:01][%mdl 4096] Endgame Black must now prevent Bxb6. KRB-KRN} Re8 27. Kf2 Re7 28. Bxb6 axb6 {[%emt 0:00:05] KR-KR} 29. f4 Rc7 30. Kf3 Ke7 31. Kg4 Ke8 32. g3 Re7 33. Kf3 {[%emt 0:00:01] Prevents Re3+} Rc7 34. g4 Re7 35. Rd3 Rc7 36. f5 g5 37. b4 Ke7 38. c5 b5 39. Kg3 Rc8 40. Re3+ 1/2-1/2

[Event "Prague Open 2025"]
[Site "Prague"]
[Date "2025.01.13"]
[Round "5.11"]
[White "Kulhanek, Tomas"]
[Black "Polak, Michal"]
[Result "1-0"]
[Annotator "TA"]
[ECO "B31"]
[WhiteElo "2313"]
[BlackElo "2037"]
[PlyCount "107"]
[EventDate "2025.01.07"]
[EventType "swiss"]
[EventCountry "CZE"]
[SourceTitle "playchess.com"]
[Source "ChessBase"]
[SourceQuality "1"]
[TimeControl "40/5400+30:1800+30"]

1. e4 c5 2. Nf3 Nc6 3. Bb5 g6 4. O-O Bg7 5. c3 e5 6. d3 Nge7 7. Be3 d6 8. d4 exd4 9. cxd4 O-O 10. Nc3 Qb6 11. Bxc6 Nxc6 12. Rb1 Bg4 (12... Bxd4 13. Nd5 Qd8 14. Nxd4 Nxd4 15. Bxd4 cxd4 16. Qxd4 $16) (12... Nxd4 $6 13. Nxd4 cxd4 14. Nd5 $16) 13. dxc5 dxc5 14. Nd5 Qa5 15. Qb3 Bxf3 16. gxf3 Nd4 17. Bxd4 Bxd4 18. f4 Kg7 19. Rbd1 Rad8 20. Kh1 Qa6 21. f3 Qe2 (21... Rd7 {simplifies} 22. Rc1 b6 23. Rfe1 Qc8) 22. Qd3 Qxd3 (22... Qxb2 $2 23. Rd2 c4 24. Qxd4+ $18) 23. Rxd3 Bxb2 24. Rb3 $1 Bd4 25. Rxb7 a5 26. Kg2 h5 (26... Rb8 $11 {deserves consideration.} 27. Rfb1 Rxb7 28. Rxb7 c4) 27. Rfb1 $14 Rc8 28. Nb6 {[%emt 0:05:50] White is much more active.} (28. Kf1 $16) 28... Rb8 29. Nc4 Rxb7 30. Rxb7 {[%emt 0:00:02][%mdl 4096] Endgame KRB-KRN} Rd8 31. e5 {[%emt 0:02:27][%cal Oc4d6] and Nd6! would now be decisive} (31. Nxa5 Be3 $15) 31... Kg8 32. a4 (32. Nxa5 Be3 $11) 32... Ba1 (32... Bc3 $1 $14) 33. Nd6 $1 $16 (33. Nxa5 $6 Rd4 $11) 33... f6 $2 {[%emt 0:00:16] [#]} (33... c4 $16 {is a better defense.}) 34. e6 $1 $18 {[%emt 0:01:24] Intending e7 and mate.} Rxd6 {[%emt 0:00:30] KRB-KR} 35. Rb8+ Kg7 36. e7 Re6 ({Avoid the trap} 36... Rd2+ $2 37. Kf1 (37. Kh3 Re2 $18) 37... Rb2 38. e8=Q $18 (38. e8=N+ $2 Kf7 $19)) 37. e8=Q (37. e8=B Re2+ 38. Kg3 Bd4 39. Rb7+ Kh6 $19) 37... Rxe8 38. Rxe8 {[%emt 0:00:06] KR-KB} Bc3 39. Rc8 Bb4 40. Rc7+ Kh6 41. h3 h4 42. Kf2 Ba3 43. Ke2 f5 44. Kd3 Bb4 45. Kc4 Ba3 46. Kb5 Bc1 (46... Bb4 $18 47. Ra7 c4 48. Kxc4 Be1) 47. Kxa5 Bxf4 48. Rxc5 Be3 49. Rc4 g5 50. Kb5 f4 51. Re4 Bd2 52. Re2 Bc3 53. Kc4 Ba5 54. Kd3 (54. Re5 $142 Bc7 55. Rb5 g4 56. hxg4 (56. fxg4 Kg6 $18) 56... h3 57. a5 h2 58. Rh5+ Kg6 59. a6 (59. Rxh2 Bxa5 60. Re2 Kg7 $18)) 1-0

[Event "Prague Open 2025"]
[Site "Prague"]
[Date "2025.01.13"]
[Round "5.12"]
[White "Zhukovskyi, Oleksandr"]
[Black "Mouryc, Tomas"]
[Result "1-0"]
[Annotator "ChessBase"]
[ECO "B52"]
[WhiteElo "2162"]
[BlackElo "1932"]
[PlyCount "143"]
[EventDate "2025.01.07"]
[EventType "swiss"]
[EventCountry "CZE"]
[SourceTitle "playchess.com"]
[Source "ChessBase"]
[SourceQuality "1"]
[TimeControl "40/5400+30:1800+30"]

1. e4 c5 2. Nf3 d6 3. Bb5+ Bd7 4. Bxd7+ Qxd7 5. d4 cxd4 6. Nxd4 Nf6 7. f3 g6 8. c4 Bg7 9. Be3 Nc6 10. Nc3 O-O 11. O-O a6 12. Nb3 Ne5 13. Qe2 Rac8 14. c5 d5 15. Bd4 Qe6 16. f4 Ned7 17. e5 Ne8 18. Qf3 Nc7 19. Be3 f6 20. Nd4 Qf7 21. e6 Nxe6 22. Nxe6 Qxe6 23. Rae1 Rfe8 24. Nxd5 Qc6 25. b4 e6 26. Nc3 Qxf3 27. gxf3 f5 28. Na4 e5 29. Rd1 exf4 30. Bxf4 Ne5 31. Nb6 Rcd8 32. Rd5 Nd3 33. Rd1 Rxd5 34. Nxd5 Nxf4 35. Nxf4 Bc3 36. Nd5 Bg7 37. Kf2 Kf7 38. Nb6 Re7 39. Nc8 Rc7 40. Nd6+ Kf8 41. Re1 Re7 42. Rxe7 Kxe7 43. Nxb7 Kd7 44. Na5 Bc3 45. a3 Bb2 46. Nc4 Bc1 47. Ke2 Ke6 48. a4 g5 49. h3 h5 50. c6 Bf4 51. Ne3 g4 52. fxg4 fxg4 53. hxg4 hxg4 54. b5 axb5 55. axb5 Bc7 56. Kd3 Kd6 57. Kc4 g3 58. Nf5+ Ke6 59. Ne3 Bb6 60. Nd5 Kd6 61. Nf4 Bf2 62. Ng2 Bb6 63. Nh4 Bf2 64. Kb4 Be1+ 65. Ka4 Kc7 66. Ng2 Bd2 67. Kb3 Kb6 68. Kc4 Ba5 69. Ne3 Kc7 70. Kd5 Bb6 71. Ke4 Bc5 72. Kf3 1-0

[Event "Prague Open 2025"]
[Site "Prague"]
[Date "2025.01.13"]
[Round "5.13"]
[White "Bezeyko, Olexander"]
[Black "Moser, Axel"]
[Result "1-0"]
[Annotator "TA"]
[ECO "C22"]
[WhiteElo "2050"]
[BlackElo "2160"]
[PlyCount "89"]
[EventDate "2025.01.07"]
[EventType "swiss"]
[EventCountry "CZE"]
[SourceTitle "playchess.com"]
[Source "ChessBase"]
[SourceQuality "1"]
[TimeControl "40/5400+30:1800+30"]

1. e4 e5 2. d4 exd4 3. Qxd4 Nc6 4. Qd3 d5 5. exd5 Nb4 $1 6. Qc4 Bf5 7. Na3 Qxd5 8. Bf4 c6 {[%emt 0:05:48] aiming for ...0-0-0.} 9. c3 Nd3+ ({Black should play} 9... Bd3 $1 $15 10. Qb3 (10. Qxd5 Nxd5 11. Bxd3 Nxf4 $17) 10... Qe4+ 11. Be3 Nf6) 10. Bxd3 $11 Qxd3 11. Qxd3 Bxd3 12. O-O-O O-O-O 13. Nc2 Nf6 14. Be3 {[%emt 0:07:16][%cal Bf4e3,Be3a7,Ba7b6][%mdl 32] White is weak on the light squares} Ng4 (14... Bc4 {simplifies} 15. Rxd8+ Kxd8 16. b3 Bf1) 15. Bxa7 c5 16. Nh3 Be7 17. Bb6 Rd7 18. Rhe1 {[%emt 0:02:10][%cal Od1d3] Repels Ne5} Bxc2 (18... Bf5 $14) 19. Rxd7 (19. Kxc2 $16 {Threatens to win with f3.} Rxd1 20. Rxd1 (20. Kxd1 Kd7 $16)) 19... Kxd7 20. Kxc2 Re8 (20... Ra8 $11) 21. f3 (21. Kb3 $16) 21... Nf6 $1 22. c4 Ra8 $1 23. Bc7 {[%emt 0:02:44][%cal Oa2a3] Prevents Bd6} Ne8 24. Be5 Rxa2 25. Nf4 Nf6 26. Rd1+ Ke8 27. g4 g6 28. Re1 Kd8 29. g5 Ne8 30. Nd5 Bd6 $1 (30... Bxg5 $2 31. Rd1 Ra5 32. Bg3 $18) 31. Kb3 Ra6 32. f4 Bxe5 33. Rxe5 Re6 (33... Nd6 $11 {remains equal.}) 34. Rxe6 $16 fxe6 {[%emt 0:00:05][%mdl 4096] Endgame KN-KN} 35. Nc3 Nd6 36. Na4 $1 Ne4 (36... e5 $16 {was necessary.}) 37. Kc2 $18 Kc7 (37... b6 $142 38. Nxb6 Kc7) 38. Kd3 Nf2+ 39. Ke2 $2 (39. Ke3 $18 Ng4+ 40. Ke2 Nxh2 41. Nxc5) 39... Ne4 $11 40. Kd3 $2 (40. b3 $11 Kc6 41. Nb2) 40... Nf2+ $18 41. Ke3 Ng4+ {[%emt 0:32:34] [#]} 42. Ke2 $1 Nxh2 43. Nxc5 e5 44. fxe5 Ng4 45. Nd3 1-0

[Event "Prague Open 2025"]
[Site "Prague"]
[Date "2025.01.13"]
[Round "5.14"]
[White "Skodras, Marios Konstantinos"]
[Black "Fizer, Marek"]
[Result "1/2-1/2"]
[Annotator "NA RC"]
[ECO "A04"]
[WhiteElo "2013"]
[BlackElo "2155"]
[PlyCount "50"]
[EventDate "2025.01.07"]
[EventType "swiss"]
[EventCountry "CZE"]
[SourceTitle "playchess.com"]
[Source "ChessBase"]
[SourceQuality "1"]
[TimeControl "40/5400+30:1800+30"]

1. Nf3 c5 2. b3 Nc6 3. Bb2 Nf6 4. e3 g6 5. c4 Bg7 6. Nc3 O-O 7. d4 cxd4 8. Nxd4 d5 9. Nxd5 Nxd5 10. cxd5 Qa5+ 11. Qd2 Qxd5 12. Nxc6 Qxd2+ 13. Kxd2 Bxb2 14. Nxe7+ Kg7 15. Rb1 Ba3 16. Nxc8 Bb4+ 17. Ke2 Raxc8 18. Kf3 Rc2 19. a4 Rd8 20. Bc4 Rdd2 21. Rhf1 f5 22. Rbd1 Kf6 23. Rxd2 Rxd2 24. h3 b6 25. Rg1 Bc5 1/2-1/2

[Event "Prague Open 2025"]
[Site "Prague"]
[Date "2025.01.13"]
[Round "5.15"]
[White "Skettos, Nicolas"]
[Black "Tyomkyn, Mikhail"]
[Result "1/2-1/2"]
[Annotator "NA RC"]
[ECO "B56"]
[WhiteElo "1954"]
[BlackElo "2143"]
[PlyCount "39"]
[EventDate "2025.01.07"]
[EventType "swiss"]
[EventCountry "CZE"]
[SourceTitle "playchess.com"]
[Source "ChessBase"]
[SourceQuality "1"]
[TimeControl "40/5400+30:1800+30"]

1. e4 c5 2. Nf3 Nc6 3. d4 cxd4 4. Nxd4 Nf6 5. Nc3 d6 6. Nd5 a6 7. Nxf6+ gxf6 8. Be3 e5 9. Nxc6 bxc6 10. c4 f5 11. exf5 Bxf5 12. f4 Bg7 13. Qd2 O-O 14. Be2 Re8 15. fxe5 Bxe5 16. O-O Bg6 17. Bf3 Qh4 18. g3 Bxg3 19. hxg3 Qxg3+ 20. Kh1 1/2-1/2

[Event "Prague Open 2025"]
[Site "Prague"]
[Date "2025.01.13"]
[Round "5.16"]
[White "Sindler, Michal"]
[Black "Topencik, Bruno"]
[Result "1/2-1/2"]
[Annotator "NA"]
[ECO "B50"]
[WhiteElo "2136"]
[BlackElo "1985"]
[PlyCount "93"]
[EventDate "2025.01.07"]
[EventType "swiss"]
[EventCountry "CZE"]
[SourceTitle "playchess.com"]
[Source "ChessBase"]
[SourceQuality "1"]
[TimeControl "40/5400+30:1800+30"]

1. e4 c5 2. Nf3 d6 3. Bc4 Nf6 4. d3 e6 5. O-O Be7 6. Re1 O-O 7. Bb3 Nc6 8. c3 b5 9. d4 Bb7 10. Nbd2 Qc7 11. dxc5 dxc5 12. e5 Nd7 13. Qe2 Rfd8 14. Bc2 c4 15. Qe4 Nf8 16. Qg4 Rd5 17. Qg3 Rad8 18. Be4 R5d7 19. Nf1 Ng6 20. h4 f5 21. exf6 Qxg3 22. f7+ Kxf7 23. Nxg3 Rd1 24. Be3 Rxa1 25. Rxa1 Bf6 26. h5 Nge7 27. Bxh7 a5 28. Ne4 Nd5 29. Neg5+ Ke7 30. Bc5+ Kd7 31. Rd1 b4 32. Ne4 bxc3 33. Nxc3 Bxc3 34. bxc3 Kc8 35. Rc1 Nf4 36. Re1 Nxh5 37. Rxe6 Nf6 38. Bf5 Kb8 39. Nd4 Nxd4 40. Bxd4 Bc8 41. Rb6+ Kc7 42. Rb5 Bxf5 43. Rxf5 Ne4 44. Rxa5 Rxd4 45. cxd4 c3 46. Ra4 Nd6 47. Ra3 1/2-1/2

[Event "Prague Open 2025"]
[Site "Prague"]
[Date "2025.01.13"]
[Round "5.17"]
[White "Verner, Matej"]
[Black "Zhukovskyi, Myhaylo"]
[Result "1-0"]
[Annotator "NA RC"]
[ECO "B27"]
[WhiteElo "1948"]
[BlackElo "2122"]
[PlyCount "105"]
[EventDate "2025.01.07"]
[EventType "swiss"]
[EventCountry "CZE"]
[SourceTitle "playchess.com"]
[Source "ChessBase"]
[SourceQuality "1"]
[TimeControl "40/5400+30:1800+30"]

1. e4 c5 2. Nf3 g6 3. d4 cxd4 4. c3 d3 5. Bxd3 Bg7 6. c4 Nc6 7. O-O d6 8. h3 Nf6 9. Nc3 O-O 10. Be3 Nd7 11. Rc1 Nc5 12. Bb1 a5 13. b3 b6 14. Nd5 Be6 15. Qe2 f6 16. Rfd1 Bf7 17. h4 Rb8 18. h5 g5 19. Nd4 Nxd4 20. Bxd4 Rb7 21. e5 Bxd5 22. Bxc5 dxc5 23. Rxd5 Qe8 24. e6 Rb8 25. Bf5 Qc6 26. Rcd1 b5 27. g4 bxc4 28. Qxc4 Rfc8 29. Qe4 Qe8 30. Bxh7+ Kh8 31. Bf5 Bh6 32. Qc4 Qc6 33. Rc1 Rd8 34. Rcd1 Rxd5 35. Rxd5 Rc8 36. Rd7 Bf8 37. Qd5 Kg7 38. Qxc6 Rxc6 39. Rd8 c4 40. bxc4 Rxc4 41. h6+ Kxh6 42. Rxf8 Kg7 43. Rf7+ Kg8 44. Rxe7 Rc1+ 45. Kg2 Re1 46. Re8+ Kg7 47. Ra8 Re5 48. a4 Re1 49. Rxa5 Kh6 50. Ra8 Re2 51. a5 Re1 52. a6 Re2 53. a7 1-0

[Event "Prague Open 2025"]
[Site "Prague"]
[Date "2025.01.13"]
[Round "5.18"]
[White "Musil, Vitezslav"]
[Black "Kuhn, Ulf"]
[Result "1-0"]
[Annotator "NA RC"]
[ECO "B40"]
[WhiteElo "1937"]
[BlackElo "2115"]
[PlyCount "61"]
[EventDate "2025.01.07"]
[EventType "swiss"]
[EventCountry "CZE"]
[SourceTitle "playchess.com"]
[Source "ChessBase"]
[SourceQuality "1"]
[TimeControl "40/5400+30:1800+30"]

1. e4 c5 2. Nf3 e6 3. g3 Nc6 4. Bg2 Nf6 5. Nc3 d5 6. exd5 exd5 7. d4 cxd4 8. Nxd4 Bg4 9. Nxc6 bxc6 10. Qd3 Be7 11. O-O O-O 12. Be3 Nd7 13. f3 Bh5 14. Qd2 Nb6 15. b3 Re8 16. Ne2 Bg6 17. Nf4 Bf5 18. g4 Bc8 19. Nh5 g6 20. Ng3 a5 21. Qf2 Rb8 22. Rad1 Qc7 23. Rfe1 Be6 24. a4 c5 25. Qd2 Ra8 26. Bf4 Qc8 27. Bf1 Qb7 28. Bb5 Red8 29. Bg5 Bxg5 30. Qxg5 Nc8 31. Qxd8+ 1-0

[Event "Prague Open 2025"]
[Site "Prague"]
[Date "2025.01.13"]
[Round "5.19"]
[White "Diachek, Andrii"]
[Black "Markina, Sofiia"]
[Result "1-0"]
[Annotator "NA RC"]
[ECO "D10"]
[WhiteElo "2104"]
[BlackElo "1775"]
[PlyCount "85"]
[EventDate "2025.01.07"]
[EventType "swiss"]
[EventCountry "CZE"]
[SourceTitle "playchess.com"]
[Source "ChessBase"]
[SourceQuality "1"]
[TimeControl "40/5400+30:1800+30"]

1. d4 d5 2. c4 c6 3. Nc3 Nf6 4. e3 dxc4 5. Bxc4 Bf5 6. Qb3 e6 7. Qxb7 Nbd7 8. Qxc6 Be7 9. Nf3 O-O 10. Be2 Rc8 11. Qa4 Rc7 12. O-O Nb6 13. Qd1 Nfd5 14. Bd2 Nxc3 15. Bxc3 Qb8 16. Ba5 Qb7 17. Ne5 Rfc8 18. Bd3 Bxd3 19. Nxd3 Qa6 20. Bxb6 Qxb6 21. b3 Ba3 22. Ne5 Qb8 23. Nc4 Be7 24. Qh5 Rd8 25. Rac1 Qc8 26. Rc2 Rd5 27. Qe2 Rg5 28. Rfc1 Qa6 29. Qf1 f6 30. Nd2 Qxf1+ 31. Kxf1 Rxc2 32. Rxc2 Kf7 33. Rc7 Ra5 34. a4 Ke8 35. Nc4 Ra6 36. h4 h5 37. Ke2 g5 38. hxg5 fxg5 39. f3 Kf8 40. Kd3 Bf6 41. Ke4 Kg8 42. a5 Bg7 43. b4 1-0

[Event "Prague Open 2025"]
[Site "Prague"]
[Date "2025.01.13"]
[Round "5.20"]
[White "Colijn, Stefan"]
[Black "Zawal, Krzysztof"]
[Result "1-0"]
[Annotator "TA"]
[ECO "A13"]
[WhiteElo "2315"]
[BlackElo "2013"]
[PlyCount "63"]
[EventDate "2025.01.07"]
[EventType "swiss"]
[EventCountry "CZE"]
[SourceTitle "playchess.com"]
[Source "ChessBase"]
[SourceQuality "1"]
[TimeControl "40/5400+30:1800+30"]

1. c4 Nf6 2. g3 e6 3. Bg2 d5 4. Nf3 dxc4 5. Qa4+ Nbd7 6. Qxc4 a6 7. Qc2 c5 8. O-O Ra7 (8... b5 $11) 9. d4 b6 10. Nc3 Bb7 11. e4 Qa8 {[%emt 0:10:11] [#]} (11... Be7 $14) 12. d5 $1 $16 exd5 13. exd5 Nxd5 (13... Be7 $16) 14. Re1+ Be7 {[%emt 0:01:24] [#]} 15. Nh4 $1 g6 $2 (15... Nb4 $16 {is tougher.} 16. Qe2 O-O) 16. Nxd5 $18 Bxd5 17. Bh6 $2 (17. Bg5 $18 {is more deadly.} f6 18. Nxg6 hxg6 19. Qxg6+ Kd8 20. Rxe7 fxg5 (20... Kxe7 $2 21. Qg7+ Kd8 22. Bxf6+ Nxf6 23. Qxf6+ Re7 24. Qxh8+ Kc7 25. Qxa8 $18) 21. Qxg5 (21. Rae1 Bxg2 22. Re8+ Rxe8 $16)) 17... Nf8 $2 (17... Bxg2 $16 18. Nxg2 f6) 18. Qc3 Rg8 {[%emt 0:01:47] [#]} 19. Rad1 $2 (19. Bxd5 $1 $18 {is the precise move to win.} Qxd5 20. Rad1) 19... Bxg2 $16 20. Nxg2 Ne6 21. Nf4 {[%emt 0:07:11] White is much more active.} Nd4 (21... Rd7 $16) 22. Rxd4 $1 $18 cxd4 23. Qxd4 Rd7 {[%emt 0:02:15] Prevents Nd5} 24. Qf6 $2 $40 {[%emt 0:00:22][%mdl 128] White mounts an attack.} (24. Qxb6 $18 {aiming for Bg5.} Qc8 25. h4) 24... Qb7 $1 $11 {[%emt 0:01:20][%cal Od7d1] Hoping for ...Rd1!.} 25. Bg5 $2 (25. Qc3 $11) 25... Kd8 $4 (25... Rd1 26. Rxd1 Bxf6 27. Bxf6 $14) (25... h6 $19 26. Bxh6 Rd1) 26. Qxf7 $18 {[%emt 0:02:02] Threatening mate with Bxe7+.} Rh8 {[%emt 0:06:37] [#]} 27. Rc1 $1 Rd6 (27... Qe4 28. Ne6+) 28. Ne6+ Rxe6 29. Qxe6 Bxg5 30. Rd1+ Kc7 31. Rd7+ (31. Qe5+ $142 Kc8 32. Qxh8+ Kc7 33. Qe5+ (33. Qxh7+ Kb8 $18) 33... Kc8 34. Qe8+ (34. Qxg5 Kb8 $18) 34... Kc7 35. Rd7+ Kc6 36. Rd8+ (36. Rxb7+ Kxb7 37. Qd7+ Kb8 $18) 36... Qd7 37. Qxd7+ (37. Rxd7 Bf6 38. Qc8+ Kb5 39. Rd5+ Kb4 40. Qg4+ Bd4 41. Qxd4#) 37... Kc5 38. Qc8+ (38. Rc8+ Kb4 39. Qd4+ Ka5 40. b3 b5 41. Qc3+ b4 42. Qc5#) 38... Kb4 39. Rd4+ (39. Qg4+ Ka5 40. Qxg5+ b5 41. Rd6 Ka4 42. Qc5 h6 43. Rxa6#) 39... Kb5 40. Qd7+ Kc5 41. Qd5#) 31... Kb8 32. Qe5+ 1-0

[Event "Prague Open 2025"]
[Site "Prague"]
[Date "2025.01.13"]
[Round "5.21"]
[White "Pourquet, Matthieu"]
[Black "Bohatyrov, Mykola"]
[Result "1-0"]
[Annotator "TA"]
[ECO "E06"]
[WhiteElo "2262"]
[BlackElo "1998"]
[PlyCount "55"]
[EventDate "2025.01.07"]
[EventType "swiss"]
[EventCountry "CZE"]
[SourceTitle "playchess.com"]
[Source "ChessBase"]
[SourceQuality "1"]
[TimeControl "40/5400+30:1800+30"]

1. d4 Nf6 2. c4 e6 3. g3 d5 4. Bg2 Be7 5. Nf3 O-O 6. O-O c6 7. Qc2 b6 8. Nbd2 Bb7 9. e4 dxe4 10. Nxe4 Na6 11. Rd1 {[%emt 0:06:09] White is more active.} Nxe4 12. Qxe4 $40 {[%emt 0:00:29][%mdl 128] White is out for blood.} Bd6 $2 (12... Nc5 $16 13. Qe2 (13. dxc5 $2 Qxd1+ 14. Bf1 Bxc5 $19) 13... Nd7) 13. Ng5 $18 g6 14. Qh4 h5 15. g4 Qe7 16. gxh5 f6 17. Nxe6 Qxe6 (17... g5 {was worth a try.} 18. Qe4 Rf7) 18. hxg6 Qe7 {[%emt 0:00:47] Prevents Qh7+} 19. Bh6 {[%emt 0:00:46] Repels Qg7} Rfe8 $2 (19... f5 20. Qh5 Nc7) 20. Rd3 (20. Re1 $142 Qc7 21. a3 (21. Qxf6 Bf8 $18)) 20... f5 {[%emt 0:08:11] [#]} 21. Qh5 $1 Qf6 (21... Nc7 $142 22. Rf3 (22. Qxf5 Ne6 $18) 22... Qd7) 22. Kh1 Nc7 23. Rh3 Ne6 24. Rg1 Re7 25. g7 {[%emt 0:04:37] Dodges Bf4} Qf7 $2 (25... Nxg7 26. Bg5 Nxh5 27. Bxf6 Ng3+ (27... Nxf6 28. Bd5+ Kf8 29. Rh8+) 28. fxg3 Re2) 26. Qh4 {[%emt 0:00:29] Strongly threatening Bf3.} Qf6 27. Qh5 $2 (27. Qxf6 {mates} Rf7 28. Qxe6 Bc8 29. Qe8+ (29. Qxd6 Bb7 30. Bf4 Rxg7 31. Qe6+ Rf7 32. Bxc6+ Kf8 33. Rh8#) 29... Rf8 30. gxf8=Q+ (30. gxf8=B Bxf8 31. Qxf8+ Kh7 32. Qg7#) 30... Bxf8 31. Qxf8+ Kh7 32. Qg7#) 27... Nxg7 $2 (27... Qf7 $1 $11 {and Black has nothing to worry.}) 28. Bf3 $2 (28. Bf1 $18 Qxd4 29. Bxg7 (29. Qxf5 $2 {loses.} c5+ 30. Rf3 Qe5 $19) 29... c5+ (29... Rxg7 30. Rxg7+ Kxg7 31. Qg5+ Kf8 32. Qxf5+ Kg8 33. Rh7 $18) 30. f3 Qxg1+ (30... Rxg7 $2 31. Qh7+ Kf8 32. Rxg7 $18) 31. Kxg1 Rxg7+ 32. Bg2) 1-0